 Dungeon Crawl Stone Soup version 0.28.0-43-g3370ac3207 (webtiles) character file.

Game seed: 10258774031903403258

275 crimpus the Shield-Bearer (level 5, -13/45 HPs)
             Began as a Demigod Fighter on Mar 6, 2022.
             Killed by an exploding water moccasin (17 damage)
             ... ignited by their inner flame
             ... on level 5 of the Dungeon.
             The game lasted 00:07:43 (5848 turns).

crimpus the Shield-Bearer (Demigod Fighter)         Turns: 5848, Time: 00:07:44

Health: -13/45     AC:  9    Str: 21    XL:     5   Next: 73%
Magic:  7/7        EV:  4    Int: 10    God:
Gold:   131        SH: 15    Dex: 13    Spells: 4/4 levels left

rFire   . . .      SeeInvis .   i - +0 whip
rCold   . . .      Faith    .   e - +2 tower shield {rN+}
rNeg    + . .      Spirit   .   c - +0 chain mail
rPois   .          Reflect  .   p - +0 hat
rElec   .          Harm     .   j - scarf {+Inv}
rCorr   .          Rampage  .   (no gloves)
Will    .....                   (no boots)
Stlth   ..........              (no amulet)
HPRegen 0.15/turn               (no ring)
MPRegen 0.10/turn               (no ring)

@: no status effects
A: high MP 1, forlorn, divine attributes
a: Evoke Invisibility


You were on level 5 of the Dungeon.
You visited 1 branch of the dungeon, and saw 5 of its levels.

You collected 131 gold pieces.

Inventory:

Hand Weapons
 i - a +0 whip (weapon)
Armour
 c - a +0 chain mail (worn)
 e - a +2 tower shield of positive energy (worn)
 j - a scarf of invisibility (worn)
 p - a +0 hat (worn)
Wands
 a - a wand of iceblast (4)
 g - a wand of charming (9)
Scrolls
 d - a scroll of amnesia {unknown}
 f - 5 scrolls of identify {unknown}
 h - a scroll of vulnerability {unknown}
 k - a scroll of enchant armour {unknown}
 n - a scroll of torment {unknown}
 o - 2 scrolls of enchant weapon {unknown}


   Skills:
 + Level 3.3 Fighting
 + Level 3.3 Maces & Flails
 + Level 3.8 Armour
 + Level 4.3 Shields


You had 4 spell levels left.
You didn't know any spells.
Your spell library contained the following spells:

 Spells                   Type           Power      Damage    Failure   Level
 Animate Skeleton         Necr           0%         N/A       100%        1
 Apportation              Tloc           0%         N/A       100%        1
 Summon Small Mammal      Summ           0%         N/A       100%        1
 Corpse Rot               Necr/Air       0%         N/A       100%        2
 Poisonous Vapours        Pois/Air       0%         N/A       100%        2


Dungeon Overview and Level Annotations

Branches:
Dungeon (5/15)
 Temple: D:4-7

Shops:
D:5 =

Annotations:
D:4 Eustachio
D:5 Blork the orc


Innate Abilities, Weirdness & Mutations

You have an increased reservoir of magic. (+10% MP)
You shall have no god before yourself.
Your divine heritage dramatically boosts your attributes as you level up.


Message History

Found 19 gold pieces.
Found 10 gold pieces and a potion of curing.
You block the water moccasin's attack. The water moccasin bites you.
You are poisoned.
The water moccasin poisons you!
You feel very sick.
You feel very sick. You block the water moccasin's attack.
There is a stone staircase leading down here.
You closely miss the water moccasin.
You feel sick.
The water moccasin bites you but does no damage.
You miss the water moccasin.
You feel sick. You block the water moccasin's attack.
The water moccasin bites you.
You miss the water moccasin.
You feel sick. You block the water moccasin's attack.
The water moccasin bites you but does no damage.
You hit the water moccasin.
The water moccasin is lightly wounded.
You feel sick. You block the water moccasin's attack.
The water moccasin bites you.
* * * LOW HITPOINT WARNING * * *
You hit the water moccasin.
The water moccasin is lightly wounded.
You feel sick. The water moccasin barely misses you.
The water moccasin bites you.
* * * LOW HITPOINT WARNING * * *
As you read the scroll labelled UPNUIN IRIPP, it crumbles to dust.
The creatures around you are filled with an inner flame!
It was a scroll of immolation.
You feel sick.
You are no longer poisoned.
The water moccasin bites you but does no damage.
You whack the water moccasin!
Flame seeps out of the water moccasin.
The water moccasin is moderately wounded.
The water moccasin is engulfed in blazing flames.
Flame seeps out of the water moccasin.
The water moccasin bites you but does no damage.
The water moccasin is engulfed in blazing flames.
The water moccasin explodes!
The fiery explosion engulfs you!
You die...

#########
#.......###
#.§@.......
#.§○§...(..
#..§...####
#.......#
#.
####.#...#
.. .##..$.
. .# #$.$ #
.# .!. . #
.# #.
..####


There were no monsters in sight!

Vanquished Creatures
  A water moccasin (D:5)
  An ogre (D:4)
  A jelly (D:4)
  An orc priest (D:3)
  4 adders
  An ufetubus (D:3)
  An adder skeleton (D:4)
  A worm (D:2)
  4 dart slugs
  3 orcs (D:3)
  4 bats
  8 endoplasms
  4 giant cockroaches
  8 goblins
  2 hobgoblins (D:3)
  4 jackals (D:3)
  5 quokkas
  7 ball pythons
  2 frilled lizards (D:1)
  4 kobolds
  5 rats
71 creatures vanquished.

Notes
Turn   | Place    | Note
-------+----------+-------------------------------------------
     0 | D:1      | crimpus the Demigod Fighter began the quest for the Orb.
     0 | D:1      | Reached XP level 1. HP: 18/18 MP: 3/3
   319 | D:1      | Reached XP level 2. HP: 25/25 MP: 4/4
   716 | D:1      | Reached skill level 3 in Shields
  2059 | D:2      | Reached XP level 3. HP: 31/31 MP: 5/5
  2954 | D:3      | Reached XP level 4. HP: 14/38 MP: 6/6
  4729 | D:4      | Noticed an ogre
  4735 | D:4      | Killed an ogre
  4736 | D:4      | Reached skill level 4 in Shields
  4736 | D:4      | Reached XP level 5. HP: 15/45 MP: 7/7
  5308 | D:4      | Noticed Eustachio
  5809 | D:4      | Noticed a centaur
  5823 | D:5      | Entered Level 5 of the Dungeon
  5830 | D:5      | Noticed Blork the orc
  5834 | D:5      | Found Cigag's Jewellery Shoppe.
  5837 | D:5      | Noticed a water moccasin
  5848 | D:5      | Killed a water moccasin
  5848 | D:5      | Killed by an exploding water moccasin... ignited by their
                  | inner flame

Illustrated notes

Levels and vault maps discovered:
D:1:      zelgadis_glass_arrival_small, layout_basic
D:2:      layout_loops_corners, basic_altar,
          chequers_ecumenical_altar_simple_redux, minivault_24
D:3:      layout_loops_ring, minitemple
D:4:      layout_layer_cave, grunt_decor_clamped, minmay_goblin_kobold_house,
          uniq_eustachio
D:5:      layout_rooms, serial_shops, nicolae_shop_stone, shop, shop, shop,
          shop, minmay_circle_x, uniq_blork_the_orc, uniq_pikel

Skill      XL: |  1  2  3  4 |
---------------+-------------+-----
Armour         | 3 |  3.8
Maces & Flails | 2 3 |  3.3
Fighting       | 3 |  3.3
Shields        | 3 4 |  4.3

Action                   |  1- 3 |  4- 6 || total
-------------------------+-------+-------++-------
Melee: Flail             |    57 |       ||    57
       Punch             |     1 |       ||     1
       Whip              |   123 |   173 ||   296
  Use: Potion            |       |     5 ||     5
       Scroll            |       |     3 ||     3
Armor: Scale mail        |    64 |       ||    64
       Chain mail        |    17 |    93 ||   110
Dodge: Dodged            |    43 |    25 ||    68
Block: Tower shield      |   138 |   212 ||   350
